 Dungeon Crawl Stone Soup version 0.29.1-12-g30fa7ad0bf (webtiles) character file.

Game seed: 13047807784920427883

242 MisterFreud the Conjurer (level 6, -6/36 HPs)
             Began as an Octopode Conjurer on Dec 28, 2022.
             Mangled by Crazy Yiuf
             ... wielding a +3 quarterstaff of chaos
              (16 damage)
             ... on level 3 of the Dungeon.
             The game lasted 00:03:13 (2859 turns).

MisterFreud the Conjurer (Octopode Conjurer)        Turns: 2859, Time: 00:03:13

Health: -6/36      AC:  1    Str:  7    XL:     6   Next: 9%
Magic:  7/10       EV: 13    Int: 22    God:
Gold:   135        SH:  0    Dex: 10    Spells: 8/11 levels left

rFire   . . .      SeeInvis .   g - +1 dagger (elec)
rCold   . . .      Faith    .   (no shield)
rNeg    . . .      Spirit   .   (helmet restricted)
rPois   .          Reflect  .   (no amulet)
rElec   .          Harm     .   (no ring)
rCorr   .          Rampage  .   (no ring)
Will    .....                   (no ring)
Stlth   +++.......              (no ring)
HPRegen 0.12/turn               (no ring)
MPRegen 0.12/turn               (no ring)
                                (no ring)
                                (no ring)

@: no status effects
A: almost no armour, amphibious, 8 rings, camouflage 1, gelatinous body 1,
(nimble swimmer 1), tentacles
a: no special abilities


You were on level 3 of the Dungeon.
You visited 1 branch of the dungeon, and saw 3 of its levels.

You collected 135 gold pieces.

Inventory:

Hand Weapons
 b - a +0 dagger
 g - a +1 dagger of electrocution (weapon)
Missiles
 s - 4 poisoned darts
Scrolls
 c - a scroll of noise {unknown}
 d - a scroll of butterflies {unknown}
 e - a scroll of blinking {unknown}
 h - 3 scrolls of identify {unknown}
 k - a scroll of summoning {unknown}
 m - 3 scrolls of teleportation {unknown}
 n - a scroll of fear {unknown}
 o - a scroll of silence {unknown}
Potions
 a - a potion of magic
 f - 4 potions of brilliance {unknown}
 i - 2 potions of attraction {unknown}
 j - a potion of might {unknown}
 l - 2 potions of ambrosia {unknown}
 p - 2 potions of heal wounds {unknown}
 q - 2 potions of flight {unknown}
 r - a potion of degeneration {unknown}


   Skills:
 - Level 2.1 Dodging
 - Level 3.0 Stealth
 + Level 3.1 Spellcasting
 + Level 6.5 Conjurations


You had 8 spell levels left.
You knew the following spells:

 Your Spells              Type           Power      Damage    Failure   Level
a - Magic Dart            Conj           100%       1d8       1%          1
b - Searing Ray           Conj           64%        2d6       1%          2

Your spell library contained the following spells:

 Spells                   Type           Power      Damage    Failure   Level
 Dazzling Flash           Conj/Hex       34%        N/A       10%         3
 Stone Arrow              Conj/Erth      34%        3d9       10%         3
 Sandblast                Erth           6%         2d5       12%         1
 Ensorcelled Hibernation  Hex/Ice        6%         N/A       19%         2
 Passwall                 Tmut/Erth      2%         N/A       19%         2
 Fulminant Prism          Conj/Hex       8%         3d7       32%         4
 Iskenderun's Mystic Bla  Conj/Tloc      17%        2d5       32%         4
 Spider Form              Tmut/Pois      3%         N/A       36%         3
 Summon Guardian Golem    Hex/Summ       3%         N/A       36%         3
 Anguish                  Hex/Necr       1%         N/A       77%         4
 Animate Dead             Necr           3%         N/A       77%         4
 Blade Hands              Tmut           1%         N/A       98%         5
 Borgnjor's Vile Clutch   Necr/Erth      1%         N/A       98%         5
 Iron Shot                Conj/Erth      8%         9d3       99%         6
 Death Channel            Necr           1%         N/A       100%        6
 Orb of Destruction       Conj           16%        9d7       100%        7
 Spellforged Servitor     Conj/Summ      8%         N/A       100%        7
 Animate Armour           Summ/Erth      Unusable   N/A       N/A         4

Dungeon Overview and Level Annotations

Branches:
Dungeon (3/15)

Altars:
Hepliaklqana

Shops:
D:1 =   D:3 *

Annotations:
D:3 Crazy Yiuf


Innate Abilities, Weirdness & Mutations

You cannot wear most types of armour.
You are amphibious.
You can wear up to eight rings at the same time.
Your skin changes colour to match your surroundings (Stealth+).
Your rubbery body absorbs attacks. (AC +1, EV +1)
((You are camouflaged when in or above water. (Stealth+)))
You have tentacles for arms and can constrict up to eight enemies at once.


Message History

The goblin shouts!
The ball python closely misses you. The ball python constricts you.
You hit the ball python.
You kill the ball python!
A goblin is nearby!
A goblin is nearby!
The goblin closely misses you.
A goblin is nearby!
You hit the goblin. You grab the goblin. You squeeze the goblin.
You kill the goblin!
You now have 135 gold pieces (gained 10).
Found a hammer.
Found a runed translucent door.
No target in view!
No reachable target in view!
Could not explore, unopened runed door.
No reachable target in view!
You open the door.
There is an open translucent door here.
Crazy Yiuf shouts!
Crazy Yiuf yells, "Rifle King arm!"
Crazy Yiuf hits you with a +3 quarterstaff of chaos!
Crazy Yiuf freezes you.
You closely miss Crazy Yiuf. Your grab misses Crazy Yiuf.
Crazy Yiuf hits you with a +3 quarterstaff of chaos!
* * * LOW HITPOINT WARNING * * *
Casting: Magic Dart (safe; 1% risk of failure)
Confirm with . or Enter, or press ? or * to list all spells.
Aiming: Searing Ray (safe; 1% risk of failure)
Press: ? - help, Shift-Dir - straight line, f - Crazy Yiuf
Aim: Crazy Yiuf, wielding a +3 quarterstaff of chaos, wearing a +0 cloak and carrying a wand of digging (5) (83% to hit)
The searing ray hits Crazy Yiuf!
Crazy Yiuf is heavily wounded. (Press . to maintain the ray.) Crazy Yiuf screams, "Spliff!"
Crazy Yiuf barely misses you.
The searing ray hits Crazy Yiuf!
Crazy Yiuf is almost dead.
Crazy Yiuf says, "Aardvark!"
Crazy Yiuf hits you with a +3 quarterstaff of chaos!
You die...

†####.#.#.## ♣...♣ #...#
...........# ♣♣.♣♣ #...# ####
###......### ♣♣.♣ #...#####...
#......# ♣.♣♣ #..##......#
#......# ♣♣.♣ #...#..<.#.#
#......# ♣.♣♣ #.........∩.
#......# ##'## #........#.#
##.....### #...# #...........
###........# #.@.# #..##.......
##.........# #)g.# #..##.......
##.........# ##### #..##.......
...........# ##.##.......
#..........############..#.......
..................##............)
................................#
.......~~~........##......####..#
.......~_~........##......# ##.#


You could see Crazy Yiuf.

Vanquished Creatures
  A bullfrog (D:3)
  Jessica (D:2)
  Terence (D:2)
  Natasha (twice) (D:2)
  2 adders
  2 dart slugs
  6 bats
  5 endoplasms
  5 giant cockroaches
  3 goblins
  3 hobgoblins
  12 jackals
  4 kobolds
  2 quokkas (D:2)
  3 ball pythons
  A frilled lizard (D:3)
  5 rats
58 creatures vanquished.

Notes
Turn   | Place    | Note
-------+----------+-------------------------------------------
     0 | D:1      | MisterFreud the Octopode Conjurer began the quest for the
                  | Orb.
     0 | D:1      | Reached XP level 1. HP: 11/11 MP: 3/3
    40 | D:1      | Reached XP level 2. HP: 3/17 MP: 0/5
   327 | D:1      | Found Xymur's One-of-a-Kind Rings.
   740 | D:1      | Reached XP level 3. HP: 21/21 MP: 6/6
   898 | D:2      | Noticed Jessica
   902 | D:2      | Killed Jessica
   903 | D:2      | Reached skill level 5 in Conjurations
   993 | D:2      | Found a hazy altar of Hepliaklqana.
   993 | D:2      | Noticed Terence
  1004 | D:2      | HP: 1/21 [Terence/+0 flail (5)]
  1005 | D:2      | Killed Terence
  1006 | D:2      | Reached XP level 4. HP: 1/27 MP: 1/7
  1312 | D:2      | Noticed Natasha
  1316 | D:2      | Killed Natasha
  1584 | D:2      | Noticed Natasha
  1587 | D:2      | Killed Natasha
  1588 | D:2      | Reached skill level 6 in Conjurations
  1588 | D:2      | Reached XP level 5. HP: 31/31 MP: 5/8
  1591 | D:2      | Learned a level 2 spell: Searing Ray
  2189 | D:3      | Found Bixzoo Guowo's General Store.
  2420 | D:3      | Reached XP level 6. HP: 36/36 MP: 4/10
  2508 | D:3      | Found a faded altar of an unknown god.
  2849 | D:3      | Found a runed translucent door.
  2850 | D:3      | Noticed Crazy Yiuf
  2859 | D:3      | Mangled by Crazy Yiuf

Illustrated notes

Levels and vault maps discovered:
D:1:      minmay_arrival_four_houses, layout_rooms, nicolae_shop_unique_rings,
          minmay_tall_x
D:2:      layout_basic, basic_altar, kennysheep_pointless_box,
          serial_park_tiny_pond, uniq_terence, uniq_natasha, uniq_jessica
D:3:      layout_rooms, hellmonk_ecumenical_altar_pennies_from_heaven,
          serial_shops, nicolae_shop_crystal, uniq_crazy_yiuf_cottage

Skill      XL: |  1  2  3  4  5 |
---------------+----------------+-----
Stealth        | 3 |  3.0
Conjurations   | 5 6 |  6.5
Spellcasting   | 3 |  3.1
Dodging        | |  2.1

Action                   |  1- 3 |  4- 6 || total
-------------------------+-------+-------++-------
Melee: Unarmed           |    15 |       ||    15
       Tentacles         |     6 |     2 ||     8
       Constrict         |     8 |     2 ||    10
       Dagger            |    31 |     8 ||    39
 Cast: Magic Dart        |    18 |    60 ||    78
       Searing Ray       |       |     1 ||     1
 Stab: Sleeping          |     7 |       ||     7
Armor: Skin              |     1 |       ||     1
Dodge: Dodged            |    20 |    10 ||    30
